Map: Galactic Process LE

Players

Ska

  • Race: Terran Terran
  • League: Platinum

Tenonee - Winner!

  • Race: Terran Terran
  • League: Diamond

VOD

Have the link to the VOD?

Description

Time

  • Played on: July 31, 2016, 8:40 a.m.
  • Length: 15:29
Show
View Real Time Build Order
Export as new Build Order

Ska Terran 

Build Orders: Reaper Expand, Mech 

Get SALT Encoding   

  12  0:01  SCV  
  13  0:13  SCV  
  14  0:18  Supply Depot  
  14  0:25  SCV  
  15  0:37  Refinery  
  15  0:39  SCV  
  16  0:46  Barracks  
  16  0:51  SCV  
  17  1:04  SCV  
  18  1:16  SCV  
  19  1:33  Reaper, Orbital Command  
  20  1:46  Command Center  
  20  1:51  Supply Depot  
  20  2:03  Factory  
  20  2:11  SCV  
  21  2:16  Refinery  
  21  2:23  SCV  
  21  2:24  Marine  
  23  2:35  SCV  
  24  2:42  Marine  
  25  2:47  SCV  
  26  2:55  Factory Tech Lab  
  26  2:58  Starport  
  26  2:59  SCV  
  26  3:00  Orbital Command  
  27  3:11  SCV  
  28  3:16  Marine  
  28  3:17  Siege Tank  
  32  3:23  SCV  
  32  3:24  Engineering Bay  
  33  3:30  SCV  
  34  3:34  Marine  
  34  3:35  SCV  
  36  3:42  SCV  
  36  3:45  Viking  
  36  3:48  SCV  
  40  3:49  Armory  
  40  3:55  SCV  
  41  3:56  Missile Turret  
  41  4:00  Refinery  
  41  4:01  Refinery  
  41  4:08  SCV  
  42  4:13  SCV  
  42  4:14  Marine  
  44  4:20  Starport Reactor, SCV  
  45  4:28  Supply Depot  
  45  4:29  Supply Depot, SCV  
  45  4:30  Missile Turret  
  46  4:40  Factory  
  46  4:49  Marine  
  46  4:50  Siege Tank, SCV x2  
  46  4:52  Supply Depot  
  52  4:55  Supply Depot  
  52  4:56  Terran Vehicle And Ship Armor Level 1  
  52  5:02  SCV x2  
  54  5:07  Marine, Factory  
  55  5:14  SCV  
  55  5:15  SCV  
  55  5:20  Supply Depot  
  55  5:21  Supply Depot  
  56  5:25  Factory Reactor  
  56  5:26  SCV  
  57  5:31  SCV  
  58  5:38  SCV  
  59  5:43  SCV  
  60  5:53  Factory Reactor  
  60  5:55  Factory Tech Lab  
  62  5:58  Siege Tank  
  62  6:00  Marine, SCV  
  62  6:01  SCV  
  66  6:13  SCV  
  66  6:15  Siege Tank  
  66  6:16  Command Center  
  70  6:20  SCV  
  70  6:22  Supply Depot x2  
  70  6:25  SCV  
  72  6:28  Infernal Pre-Igniter  
  72  6:30  Hellion x2, Siege Tank  
  79  6:41  SCV x2  
  79  6:43  Viking x2  
  85  6:47  Siege Tank  
  85  6:50  Reaper  
  85  6:51  Hellion  
  85  6:53  Terran Vehicle And Ship Armor Level 2  
  91  6:56  SCV  
  91  6:57  Armory  
  91  6:58  SCV  
  91  7:13  Hellion x2, Viking  
  95  7:18  SCV x2  
  97  7:24  Refinery  
  97  7:30  SCV  
  97  7:34  Orbital Command  
  97  7:36  Siege Tank  
  101  7:45  Missile Turret x2  
  101  7:47  Hellion x2, Siege Tank  
  108  7:52  SCV x2  
  108  7:53  Refinery  
  110  8:04  SCV x2  
  112  8:17  Orbital Command  
  103  8:24  Missile Turret  
  88  8:34  Hellion x2, Siege Tank x2  
  87  8:51  SCV x3  
  87  8:55  Hellion x2  
  94  9:03  SCV x2  
  94  9:06  Missile Turret, Siege Tank x2  
  94  9:09  Refinery  
  102  9:16  Terran Vehicle Weapons Level 1  
  102  9:17  Hellion x2  
  106  9:18  Missile Turret, Terran Ship Weapons Level 1  
  106  9:19  Missile Turret, Factory x2  
  106  9:32  Viking x2  
  106  9:38  Command Center, Hellion x2, Siege Tank x2  
  120  10:02  Viking  
  120  10:04  Orbital Command  
  122  10:07  Hellion  
  124  10:21  Hellion  
  124  10:23  Siege Tank  
  124  10:26  Hellion  
  124  10:28  Siege Tank  
  117  10:50  Hellion  
  117  10:59  Supply Depot  
  117  11:01  Supply Depot  
  117  11:04  Supply Depot  
  117  11:08  Liberator  
  117  11:17  Refinery  
  115  11:21  Hellion  
  115  11:23  Hellion x3, SCV x2  
  115  11:24  Siege Tank  
  115  11:25  Viking, Siege Tank  
  130  11:38  Refinery  
  124  11:44  Hellion x2  
  132  11:47  Factory Reactor  
  128  11:55  Viking  
  128  11:56  Siege Tank  
  128  12:00  Supply Depot  
  133  12:03  Supply Depot x2  
  133  12:05  Supply Depot  
  133  12:15  Factory Tech Lab  
  133  12:17  Sensor Tower  
  133  12:19  Missile Turret  
  133  12:20  Missile Turret  
  133  12:21  Missile Turret, Hellion, Viking, Siege Tank  
  140  12:22  Missile Turret  
  140  12:25  Hellion, Viking  
  140  12:28  Siege Tank  
  147  12:34  Hellion x2, Siege Tank  
  154  12:43  Hellion  
  101  12:52  Hellion  
  101  12:53  Siege Tank  
  101  12:55  Hellion x2  
  105  13:00  Siege Tank  
  105  13:04  Hellion  
  96  13:06  Siege Tank  
  93  13:13  Hellion  
  93  13:17  Hellion x2  
  93  13:25  Siege Tank  
  93  13:26  Hellion  
  97  13:30  SCV  
  97  13:33  Siege Tank  
  98  13:35  Hellion  
  98  13:38  Siege Tank  
  98  13:41  Hellion  
  72  13:57  Hellion  
  72  13:58  Hellion x2, Siege Tank  
  76  14:05  Siege Tank  
  79  14:10  Siege Tank  
  79  14:11  Orbital Command  
  48  14:30  Hellion, Siege Tank  
  53  14:47  SCV  
  54  15:05  SCV x2  
  59  15:09  Refinery  
Show
View Real Time Build Order
Export as new Build Order

Tenonee Terran - Winner!

Build Orders: Reaper Expand, Bio Tank 

Get SALT Encoding   

  12  0:01  SCV  
  13  0:13  SCV  
  14  0:19  Supply Depot  
  14  0:25  SCV  
  15  0:41  SCV  
  15  0:42  Barracks  
  16  0:49  Refinery  
  16  0:53  SCV  
  17  0:57  Supply Depot  
  17  1:06  SCV  
  18  1:18  SCV  
  19  1:30  Orbital Command  
  19  1:33  Reaper  
  20  1:57  SCV  
  20  1:58  Command Center  
  21  2:09  SCV  
  21  2:15  Factory  
  21  2:16  Marine  
  22  2:23  SCV  
  23  2:30  Refinery  
  23  2:35  Barracks Reactor  
  23  2:36  SCV  
  24  2:41  Barracks  
  24  2:52  SCV  
  25  3:02  Factory Tech Lab  
  25  3:04  SCV  
  25  3:13  Orbital Command  
  25  3:16  SCV  
  25  3:19  Marine  
  26  3:20  Marine  
  26  3:23  Siege Tank  
  31  3:28  SCV  
  31  3:30  Barracks Tech Lab  
  32  3:39  Marine x2  
  32  3:40  SCV  
  35  3:43  Refinery, SCV  
  36  3:52  SCV  
  36  3:54  Stimpack  
  36  3:55  Marine, SCV  
  39  3:57  Marine x2  
  41  4:04  SCV  
  41  4:07  SCV  
  41  4:09  Siege Tank  
  45  4:13  Marine  
  46  4:19  Supply Depot  
  46  4:25  Command Center  
  46  4:36  Starport  
  46  4:40  Supply Depot, SCV x2  
  46  4:45  Marine  
  49  4:46  Supply Depot  
  49  4:52  SCV x2  
  51  4:55  Supply Depot  
  51  4:57  Siege Tank  
  54  5:04  SCV x2  
  56  5:07  Marine  
  57  5:17  SCV x2  
  57  5:20  Starport Reactor, Marine x2  
  61  5:29  Refinery, SCV x2  
  61  5:30  Supply Depot  
  63  5:36  Engineering Bay  
  63  5:37  Engineering Bay, Marine  
  63  5:41  SCV  
  65  5:43  Orbital Command  
  65  5:45  SCV  
  66  5:53  SCV  
  67  5:57  Combat Shields, SCV  
  67  5:58  Medivac  
  67  5:59  Medivac  
  67  6:03  Marine x2  
  67  6:04  Marine  
  74  6:05  SCV  
  74  6:09  SCV  
  77  6:17  Orbital Command  
  77  6:22  Marine x2  
  77  6:23  Marine  
  80  6:29  Terran Infantry Weapons Level 1  
  80  6:32  Missile Turret  
  80  6:33  Missile Turret, Barracks x2  
  77  6:40  Marine  
  78  6:47  Marine x2  
  78  6:48  Siege Tank  
  78  6:49  Viking, Medivac  
  78  6:50  SCV x2  
  89  6:56  SCV  
  89  6:58  Marine  
  91  7:02  SCV  
  91  7:04  Marine  
  91  7:05  Terran Infantry Armor Level 1, Marine  
  91  7:08  SCV x2  
  92  7:09  Armory  
  93  7:16  Marine  
  93  7:20  Supply Depot x2  
  93  7:22  Barracks Reactor x2  
  94  7:23  Marauder  
  94  7:24  Marine  
  97  7:32  Medivac, Siege Tank  
  97  7:33  Marine  
  101  7:41  Marine  
  102  7:44  Marauder  
  104  7:51  Marine  
  104  7:53  Factory  
  104  7:54  SCV  
  104  7:55  SCV x2  
  104  7:57  Refinery  
  104  7:58  Refinery  
  108  7:59  Supply Depot, Marine  
  108  8:00  Terran Vehicle Weapons Level 1  
  108  8:01  Supply Depot  
  108  8:02  Factory  
  108  8:05  Marine x3  
  109  8:06  Marine, Marauder  
  109  8:09  Marine  
  115  8:17  Marine  
  114  8:23  Marine  
  113  8:27  Marauder  
  113  8:31  Marine x4  
  104  8:35  Marine  
  104  8:40  Siege Tank  
  104  8:41  Viking, Marine, Medivac  
  110  8:49  Marauder  
  109  8:58  Marine x3  
  109  8:59  Marine x3  
  109  9:00  Terran Infantry Weapons Level 2, Terran Infantry Armor Level 2  
  115  9:03  SCV x2  
  115  9:08  Factory Tech Lab  
  117  9:10  Factory Tech Lab, Marauder  
  119  9:19  Marine x5  
  119  9:20  Marine  
  119  9:23  Supply Depot  
  125  9:24  Supply Depot  
  125  9:25  Supply Depot  
  125  9:31  Marauder  
  125  9:37  Marine x3  
  130  9:47  Marine x3  
  133  9:53  Marauder  
  133  9:57  Marine x3  
  133  9:58  Siege Tank x2  
  133  9:59  Viking x2  
  145  10:08  Marine x3  
  145  10:13  Siege Tank  
  151  10:14  Marauder  
  153  10:25  Marine x3  
  156  10:30  Siege Tank  
  156  10:33  Siege Tank  
  153  10:43  Marine  
  153  10:44  Marine, Marauder  
  157  10:50  Supply Depot  
  157  10:52  Supply Depot  
  157  10:53  Marine x4, Siege Tank  
  164  11:02  Widow Mine  
  166  11:05  Widow Mine, Marauder  
  165  11:20  Marine x2  
  165  11:21  Marine x2  
  165  11:25  Widow Mine  
  167  11:26  Marauder  
  167  11:27  Command Center  
  167  11:31  Marine x2  
  168  11:38  Marine x2  
  160  11:42  Marine  
  158  11:48  Marauder  
  158  11:50  Marine x2, Siege Tank  
  158  11:51  Siege Tank  
  168  12:05  Supply Depot  
  168  12:09  Marauder  
  168  12:11  Orbital Command  
  170  12:19  Marine x2, Refinery x2  
  172  12:30  Marauder  
  172  12:35  Siege Tank  
  172  12:36  Siege Tank x2  
  158  13:01  Marine  
  158  13:02  Marauder  
  156  13:06  Marine x5  
  156  13:08  Siege Tank x2  
  159  13:19  Marine  
  155  13:22  Marine  
  140  13:30  Marine x4  
  143  13:39  Marine x2  
  143  13:41  Marauder  
  147  13:48  Marine x4  
  130  13:57  Marine x2  
  130  14:02  Marauder  
  120  14:12  Command Center  
  115  14:18  Marine x2  
  115  14:19  Marine x4  
  115  14:20  Siege Tank  
  115  14:21  Siege Tank x2  
  115  14:24  Marauder  
  125  14:31  Medivac  
  125  14:32  Medivac  
  125  14:33  SCV x2  
  125  14:36  Marine x3  
  125  14:37  Marine  
  135  14:40  Planetary Fortress  
  135  14:52  Siege Tank  
  135  14:53  Marine x2, Siege Tank  
  135  14:56  Siege Tank  
  146  15:01  Marine x2  
  150  15:09  Marine x2  
  150  15:10  Marine  
  150  15:11  Marine  
Tags
 
Add a new tag
Caveats
  • Supply blocks, unpowered buildings, or Contaminate may cause inaccurate times.
  • Supply counts are checked every 10 seconds.